 Dungeon Crawl Stone Soup version 0.32-a0-391-gce5c0aab1b (webtiles) character file.

Game seed: 1988357410517597131

105 cforsyth the Slasher (level 4, -2/35 HPs)
             Began as a Coglin Gladiator on Feb 20, 2024.
             Slain by a goblin
             ... wielding a +0 club
             ... led by Robin
              (3 damage)
             ... on level 2 of the Dungeon.
             The game lasted 00:01:16 (1012 turns).

cforsyth the Slasher (Coglin Gladiator)             Turns: 1012, Time: 00:01:16

Health: -2/35      AC:  5    Str: 15    XL:     4   Next: 83%
Magic:  4/4        EV: 13    Int:  7    God:
Gold:   88         SH:  0    Dex: 17    Spells: 3/3 levels left

rFire   . . .        a - +0 long sword {Zihan}
rCold   . . .        (no shield)
rNeg    . . .        b - +0 leather armour
rPois   .            c - +0 helmet
rElec   .            f - +0 cloak
rCorr   .            (no gloves)
SInv    .            (no boots)
Will    .....        (no amulet)
Stlth   +            (no ring)
HPRegen 0.25/turn    (no ring)
MPRegen 0.09/turn

%: no passive effects
@: mighty, hasted, revved, stiff-legged, very slow
A: off-hand wielding, slow wielding, warmup strikes, warmup strides
a: no special abilities


You were on level 2 of the Dungeon.
You visited 1 branch of the dungeon, and saw 2 of its levels.

You collected 88 gold pieces.


Innate Abilities, Weirdness & Mutations

You can wield a second weapon in your off-hand.
It takes a long time for you to wield or remove held weapons.
Your first few attacks do less damage.
Your first movements take longer.


   Skills:
 + Level 3.2 Fighting
 + Level 3.9 Long Blades
 - Level 1.7 Throwing
 + Level 3.5 Dodging


You had 3 spell levels left.
You didn't know any spells.
Your spell library contained the following spells:

 Spells                   Type           Power      Damage    Failure   Level
 Summon Ice Beast         Ice/Summ       0%         N/A       86%         3
 Summon Mana Viper        Hex/Summ       0%         N/A       100%        5
 Monstrous Menagerie      Summ           0%         N/A       100%        7

Inventory:

Hand Weapons
 a - a +0 long sword (weapon) {Zihan}
Missiles
 d - 3 throwing nets (quivered) {=f}
 e - a javelin
Armour
 b - a +0 leather armour (worn)
 c - a +0 helmet (worn)
 f - a +0 cloak (worn)
Scrolls
 g - a scroll of revelation {unknown}
 i - 2 scrolls of identify {unknown}
 j - a scroll of enchant armour {unknown}
 k - a scroll of amnesia {unknown}

Dungeon Overview and Level Annotations

Branches:
Dungeon (2/15)

Altars:

#. ......#
'........#
#..>.....#
#.#......#
#.#......#
#.#......#
#........#
##########g@g.....g
.......()).gg......
.......##)...##..##
....... #..#..>....
.......[#...$#..# .#
...........#.#..#..#
#####+#..#..........
#.......###.##
.#..##...#


You could see 2 hobgoblins and 3 goblins.


Message History

A goblin comes into view. It is wielding a +0 club.
The goblin shouts!
You slash Robin!
Robin is heavily wounded.
You hit Robin.
Robin is almost dead.
Robin throws the goblin at you! The goblin hits you but does no damage.
You slash Robin!
You kill Robin!
The goblin hits you but does no damage.
You miss the goblin. The goblin hits you with a +0 dagger.
* * * LOW HITPOINT WARNING * * *
You slash the goblin!
You kill the goblin!
The goblin barely misses you.
Found an escape hatch in the floor.
The goblin barely misses you. The hobgoblin hits you.
* * * LOW HITPOINT WARNING * * *
The goblin hits you with a +0 club.
* * * LOW HITPOINT WARNING * * *
You closely miss the hobgoblin. The goblin barely misses you.
The hobgoblin completely misses you. The goblin hits you with a +0 club.
* * * LOW HITPOINT WARNING * * *
The goblin misses you.
You barely miss the hobgoblin. The goblin barely misses you.
The hobgoblin hits you.
* * * LOW HITPOINT WARNING * * *
A hobgoblin comes into view.
The goblin closely misses you. The goblin hits you with a +0 club.
You die...

Skill      XL: |  1  2  3  4 |
---------------+-------------+-----
Dodging        | 3 |  3.5
Fighting       | 3 |  3.2
Long Blades    | |  3.9
Throwing       | |  1.7

Action                     |  1- 3 |  4- 6 || total
---------------------------+-------+-------++-------
  Melee: Long sword        |    78 |    16 ||    94
    Use: Potion            |     2 |       ||     2
 Armour: Leather armour    |    82 |    11 ||    93
  Dodge: Dodged            |   116 |    15 ||   131

Levels and vault maps discovered:
D:1:      onia_arrival_pyramid, layout_basic
D:2:      layout_basic, serial_shops, shop, uniq_crazy_yiuf_cottage, uniq_robin

Notes
Turn   | Place    | Note
-------+----------+-------------------------------------------
     0 | D:1      | cforsyth the Coglin Gladiator began the quest for the Orb.
     0 | D:1      | Reached XP level 1. HP: 16/16 MP: 1/1
   119 | D:1      | Reached XP level 2. HP: 20/22 MP: 2/2
   448 | D:1      | Reached skill level 3 in Dodging
   478 | D:1      | Reached XP level 3. HP: 15/28 MP: 3/3
   992 | D:2      | Reached XP level 4. HP: 14/34 MP: 4/4
   994 | D:2      | Reached skill level 3 in Fighting
   999 | D:2      | Noticed Robin
  1007 | D:2      | Killed Robin
  1011 | D:2      | HP: 3/35 [goblin/+0 club[Robin] (3)]
  1012 | D:2      | HP: 1/35 [hobgoblin[Robin] (2)]
  1012 | D:2      | Slain by a goblin

Vanquished Creatures
  Robin (D:2)
  4 gnolls (D:2)
  A dart slug (D:1)
  4 ball pythons
  An endoplasm (D:1)
  3 giant cockroaches
  2 goblins
  2 hobgoblins
  6 jackals (D:1)
  6 bats
  2 kobolds (D:1)
32 creatures vanquished.

Table legend: (Time is in decaauts)
 A = Elapsed time spent in this place.
 B = Non-inter-level travel time spent in this place.
 C = Inter-level travel time spent in this place.
 D = Time resting spent in this place.
 E = Time spent auto-exploring this place.
 F = Levels seen in this place.
 G = Mean time per level.
                   A        B        C        D        E       F      G
               +--------+--------+--------+--------+--------+-----+--------+
         Total |   1062 |   1034 |     28 |      0 |    811 |   2 |  531.0 |
       Dungeon |   1062 |   1034 |     28 |      0 |    811 |   2 |  531.0 |
               +--------+--------+--------+--------+--------+-----+--------+

Top non-repeatable levels by time:
     D:1: 1002 daAuts
     D:2: 60 daAuts

Table legend:
 A = Non-vault XP
 B = Vault XP
 C = Vault XP percentage of total XP
 D = Non-vault monster count
 E = Vault monster count
 F = Vault count percentage of total count
                 A         B        C        D         E       F
            +---------+---------+-------+---------+---------+-------
      Total |     129 |      22 |  14.6 |      29 |       3 |   9.4
            +---------+---------+-------+---------+---------+-------
        D:1 |      56 |       0 |   0.0 |      20 |       0 |   0.0
        D:2 |      73 |      22 |  23.2 |       9 |       3 |  25.0
            +---------+---------+-------+---------+---------+-------
